Map: [ESL] Alcyone

Players

LiquidClem (Clem) - Winner!

  • Race: Terran Terran
  • League: Grandmaster
  • Spawn Location: 1:00

Fjant

  • Race: Zerg Zerg
  • League: Master
  • Spawn Location: 7:00

Event: Bellum Gens Elite Stara Zagora 2024

VOD

Have the link to the VOD?

Description

Time

  • Played on: Sept. 5, 2024, 1:23 p.m.
  • Length: 8:02

All games in this series

Show
View Real Time Build Order
Export as new Build Order

LiquidClem Terran - Winner!

Build Orders: Liberator Opening, Reaper Expand 

Get SALT Encoding   

  12  0:01  SCV  
  13  0:13  SCV  
  14  0:17  Supply Depot  
  14  0:25  SCV  
  15  0:38  SCV  
  15  0:40  Barracks  
  16  0:43  Refinery  
  16  0:50  SCV  
  17  1:02  SCV  
  18  1:15  SCV  
  19  1:27  Orbital Command, Reaper  
  20  1:38  Command Center  
  20  1:46  Supply Depot  
  20  1:53  SCV  
  21  1:59  Marine  
  22  2:05  SCV  
  23  2:09  Factory  
  23  2:12  Refinery  
  23  2:17  SCV  
  23  2:22  Barracks Reactor  
  24  2:29  SCV  
  25  2:41  SCV  
  26  2:50  Orbital Command  
  26  2:53  SCV  
  26  2:57  Starport  
  27  3:04  Hellion x2  
  31  3:06  SCV  
  31  3:10  Barracks Tech Lab  
  32  3:15  SCV  
  32  3:18  SCV  
  34  3:20  Supply Depot  
  34  3:25  Hellion  
  34  3:26  Hellion  
  38  3:29  SCV  
  38  3:33  SCV, Liberator  
  43  3:40  Stimpack  
  43  3:41  SCV  
  44  3:42  Marine  
  44  3:44  Supply Depot  
  44  3:48  SCV  
  46  3:51  Hellion x2  
  46  3:55  SCV  
  51  4:00  SCV  
  51  4:03  Marine  
  51  4:07  Supply Depot, SCV  
  49  4:12  SCV, Hellion  
  49  4:13  Hellion  
  54  4:21  Marine  
  54  4:22  SCV  
  56  4:24  SCV, Starport Reactor  
  56  4:30  Supply Depot  
  57  4:31  Command Center  
  57  4:34  SCV  
  57  4:37  SCV  
  59  4:39  Marine  
  60  4:46  SCV  
  60  4:50  Factory Reactor  
  60  4:51  SCV  
  62  4:52  Supply Depot  
  62  4:53  Barracks  
  62  4:54  Barracks  
  62  4:56  Supply Depot  
  62  4:57  Marine  
  62  4:59  SCV  
  58  5:03  SCV  
  53  5:10  Engineering Bay  
  53  5:11  SCV, Starport Reactor  
  53  5:14  Marine, Engineering Bay  
  54  5:18  Refinery  
  54  5:19  SCV, Refinery  
  56  5:22  Combat Shield  
  56  5:23  SCV  
  57  5:31  SCV  
  57  5:32  Supply Depot, Marine  
  59  5:35  SCV  
  59  5:40  Marine x2  
  62  5:43  Terran Infantry Weapons Level 1, Terran Infantry Armor Level 1  
  62  5:44  Factory Tech Lab  
  62  5:45  Orbital Command  
  62  5:50  Marine  
  62  5:51  Medivac  
  62  5:53  Medivac  
  62  5:54  Marine  
  68  5:58  SCV, Marine x2  
  68  5:59  SCV, Marine  
  68  6:03  Siege Tank  
  76  6:08  Marine  
  76  6:09  Orbital Command  
  76  6:10  SCV  
  78  6:14  SCV, Barracks  
  78  6:15  Barracks  
  78  6:16  Marine  
  78  6:18  Marine  
  81  6:20  Marine  
  81  6:23  SCV, Medivac  
  85  6:27  Supply Depot, Marine, Medivac  
  85  6:28  SCV  
  85  6:31  Marine  
  90  6:34  Marine  
  90  6:35  SCV x2  
  90  6:37  Siege Tank  
  96  6:42  Marine  
  96  6:43  Supply Depot, SCV  
  96  6:45  Marine  
  96  6:47  SCV x2  
  98  6:53  Marine  
  100  6:55  SCV  
  100  6:56  Marine x2  
  100  6:58  Armory  
  100  6:59  SCV  
  100  7:00  Supply Depot, Marine  
  100  7:01  SCV  
  106  7:03  Refinery, Factory, Barracks Reactor  
  106  7:05  Marine  
  106  7:06  Marine x2  
  109  7:10  Medivac x2  
  109  7:14  SCV  
  114  7:16  Supply Depot, Marine  
  114  7:17  Marine x2  
  114  7:18  Marine  
  117  7:23  Marine  
  117  7:25  Marine x2  
  117  7:27  SCV x2  
  117  7:28  SCV  
  123  7:31  Supply Depot  
  123  7:34  Marine  
  123  7:35  Marine x2  
  123  7:36  Marine  
  130  7:41  Marine  
  130  7:43  Command Center  
  131  7:55  Supply Depot x2  
Show
View Real Time Build Order
Export as new Build Order

Fjant Zerg 

Build Orders: Hatch First 

Get SALT Encoding   

  12  0:00  Drone  
  13  0:14  Overlord  
  13  0:16  Drone  
  14  0:32  Drone x2  
  16  0:48  Hatchery  
  15  0:52  Drone  
  15  0:55  Drone  
  17  0:59  Drone  
  18  1:09  Extractor  
  17  1:13  Spawning Pool  
  17  1:17  Drone  
  17  1:19  Drone  
  18  1:29  Drone  
  19  1:41  Drone  
  20  1:52  Drone  
  21  2:00  Zergling x2, Queen x2  
  26  2:01  Zergling x2  
  27  2:12  Drone  
  28  2:24  Spore Crawler, Drone  
  28  2:29  Extractor  
  27  2:34  Spore Crawler  
  28  2:41  Overlord  
  29  2:44  Metabolic Boost  
  29  2:49  Overlord  
  29  2:51  Overlord  
  29  3:00  Drone  
  30  3:08  Drone x2, Hatchery  
  30  3:09  Drone  
  30  3:10  Drone  
  30  3:11  Drone  
  33  3:13  Queen  
  33  3:15  Drone x2  
  37  3:20  Drone  
  37  3:22  Drone x2  
  40  3:35  Zergling x4  
  40  3:38  Queen  
  44  3:42  Drone x2  
  44  3:45  Drone x2  
  48  3:49  Zergling x2  
  46  3:57  Evolution Chamber  
  44  4:08  Zergling x4  
  45  4:13  Overlord x2  
  45  4:14  Overlord  
  45  4:15  Overlord  
  40  4:17  Overlord  
  40  4:20  Overlord  
  40  4:22  Zergling x4  
  40  4:23  Queen x2  
  45  4:27  Drone  
  46  4:32  Drone x2  
  46  4:35  Zergling x2  
  46  4:39  Zergling x4  
  46  4:43  Evolution Chamber  
  45  4:50  Drone  
  45  4:51  Drone x4  
  50  4:53  Drone  
  50  4:59  Zergling x4  
  38  5:18  Drone  
  39  5:25  Drone  
  39  5:28  Drone  
  41  5:30  Drone  
  41  5:32  Drone  
  41  5:34  Drone  
  44  5:38  Drone  
  44  5:39  Drone  
  44  5:41  Drone  
  47  5:44  Drone  
  47  5:47  Drone x2  
  50  5:50  Drone  
  51  5:59  Drone x5  
  51  6:00  Drone  
  51  6:02  Drone  
  58  6:06  Drone x2  
  58  6:08  Drone  
  58  6:10  Drone  
  62  6:11  Drone x2  
  62  6:17  Drone x2  
  66  6:20  Drone x2, Baneling Nest  
  66  6:22  Drone  
  67  6:27  Overlord  
  67  6:29  Drone x2  
  67  6:32  Zergling x6  
  72  6:37  Extractor  
  72  6:38  Zergling x8  
  75  6:40  Zergling x2  
  75  6:44  Zergling x10  
  80  6:50  Zergling x6  
  79  6:56  Zergling x4  
  79  7:01  Zergling x2  
  82  7:07  Zergling x8  
  86  7:11  Drone x2  
  86  7:12  Drone  
  86  7:14  Drone x2  
  91  7:19  Queen  
  91  7:21  Drone x2  
  94  7:24  Spore Crawler, Drone x2  
  95  7:30  Drone x3  
  98  7:42  Zergling x6  
  98  7:43  Zergling x2  
  98  7:50  Evolution Chamber x2  
  88  7:52  Baneling Nest  
  88  7:53  Hatchery  
Tags
 
Add a new tag
Caveats
  • Supply blocks, unpowered buildings, or Contaminate may cause inaccurate times.
  • Supply counts are checked every 10 seconds.